 Dungeon Sprint DCSS version 0.31-a0-640-g39d97e502b (webtiles) character file.

Game seed: 17124860935150131189

115 sircluck the Ruffian (level 4, -3/50 HPs)
             Began as a Troll Berserker on Aug 28, 2023.
             Was a Believer of Trog.
             Slain by a killer bee (5 damage)
             ... in the Dungeon (Sprint IV: "Fedhas' Mad Dash").
             The game lasted 00:00:41 (130 turns).

sircluck the Ruffian (Troll Berserker)               Turns: 130, Time: 00:00:42

Health: -3/50      AC:  4    Str: 27    XL:     4   Next: 68%
Magic:  3/3        EV: 11    Int:  3    God:    Trog [**....]
Gold:   80         SH:  0    Dex:  9    Spells: 3/3 levels left

rFire   . .          .
                       - Unarmed
rCold   . . .        (no shield)
rNeg    . . .        a - +0 animal skin
rPois   .            (helmet restricted)
rElec   .            (no cloak)
rCorr   .            (gloves unavailable)
SInv    .            (boots unavailable)
Will    .....        (no amulet)
Stlth   +            (no ring)
HPRegen 1.08/turn    (no ring)
MPRegen 0.08/turn

%: no teleportation
@: lethally poisoned (-3 -> -16)
A: large, unfitting armour, claws 3, regeneration 1, shaggy fur 1, tough skin 1
a: Renounce Religion, Berserk, Trog's Hand


You were in the Dungeon.
You worshipped Trog.
Trog was pleased with you.
You visited 1 branch You collected 80 gold pieces.

Inventory:

Armour
 a - a +0 animal skin (worn)
Jewellery
 h - the amulet of invisibility {+Inv}
   (You found it in the Dungeon)

   [amulet of nothing]

   +Inv:      It lets you turn invisible.
Scrolls
 g - a scroll of blinking
Potions
 b - a potion of curing
 c - a potion of heal wounds
 d - a potion of haste
 e - 2 potions of magic
 f - a potion of berserk rage


   Skills:
 + Level 5.1 Fighting
 + Level 5.1 Dodging
 + Level 6.1 Unarmed Combat


You had 3 spell levels left.
You didn't know any spells.
Your spell library was empty.

Dungeon Overview and Level Annotations

Branches:
Dungeon (1/1)

Altars:
Cheibriados
Dithmenos
Gozag
Hepliaklqana
Makhleb
Nemelex Xobeh
Okawaru
Ru
Sif Muna
Trog
Wu Jian
Xom
Yredelemnul
Zin
Jiyva

Annotations:
D exclusion: oklob sapling


Innate Abilities, Weirdness & Mutations

You are too large for most types of armour.
You have claws for hands.
Your natural rate of healing is unusually fast.
You are covered in fur. (AC +1)
You have tough skin. (AC +1)


Message History

The queen bee calls on the killer bee to defend it!
The killer bee goes berserk!
You miss the killer bee. You claw the killer bee.
The killer bee is moderately wounded.
You feel sick.
The killer bee stings you but does no damage.
The killer bee stings you! The killer bee barely misses you. x2
The queen bee calls on the killer bee to defend it!
The killer bee goes berserk!
You barely miss the killer bee.
The killer bee is moderately wounded.
The killer bee stings you but does no damage.
The killer bee stings you!
You barely miss the killer bee.
The killer bee is moderately wounded.
You feel sick.
The killer bee stings you but does no damage.
The killer bee misses you. x2; The killer bee closely misses you.
You feel sick. The killer bee barely misses you.
You feel sick.
The killer bee rages.
The killer bee stings you!
You are more poisoned.
The killer bee poisons you! The killer bee stings you.
* * * LOW HITPOINT WARNING * * *
The killer bee completely misses you.
You feel sick. The killer bee stings you!
* * * LOW HITPOINT WARNING * * *
You are lethally poisoned!
The killer bee poisons you! The killer bee barely misses you.
The killer bee closely misses you. x2
* * * LOW HITPOINT WARNING * * *
You feel very sick.
The killer bee attacks as it pursues you!
The killer bee barely misses you. The killer bee stings you.
* * * LOW HITPOINT WARNING * * *
You are more poisoned.
The killer bee poisons you! The killer bee closely misses you.
The killer bee stings you.
You die...

##########################
#<..P#.....#.....#.⌠._._._
#PP..'.†...'.#†..'.._._._.
#PPPP#.....#.#...#..._._P_
###############'##.._._._.
♣..y.yy@.'...#._._._._
#......♣.yy..#...#########
#.....♣..♣..######
##+####+#####


You could see a queen bee and 4 killer bees.

Vanquished Creatures
  A scorpion (D)
  2 oklob saplings (D)
  A river rat (D)
  A rat (D)
5 creatures vanquished.

Notes
Turn   | Place    | Note
-------+----------+-------------------------------------------
     0 | D        | sircluck the Troll Berserker began the quest for the Orb.
     0 | D        | Reached XP level 1. HP: 22/22 MP: 0/0
    11 | D        | Reached XP level 2. HP: 31/31 MP: 1/1
    17 | D        | Noticed an oklob sapling
    19 | D        | Killed an oklob sapling
    19 | D        | Reached ** piety under Trog
    20 | D        | Reached skill level 4 in Unarmed Combat
    20 | D        | Reached XP level 3. HP: 39/39 MP: 2/2
    22 | D        | Noticed a scorpion
    22 | D        | Found the amulet of invisibility {+Inv}
    27 | D        | Killed a scorpion
    28 | D        | Reached skill level 5 in Unarmed Combat
    28 | D        | Reached XP level 4. HP: 30/49 MP: 3/3
    68 | D        | Reached skill level 5 in Fighting
    68 | D        | Reached skill level 5 in Dodging
    68 | D        | Reached skill level 6 in Unarmed Combat
    80 | D        | Found an opulent altar of Gozag.
    80 | D        | Found a hazy altar of Hepliaklqana.
    80 | D        | Found a burning altar of Makhleb.
    80 | D        | Found a sparkling altar of Nemelex Xobeh.
    80 | D        | Found a snail-covered altar of Cheibriados.
    80 | D        | Found a sacrificial altar of Ru.
    80 | D        | Found a shimmering blue altar of Sif Muna.
    80 | D        | Found a shimmering altar of Xom.
    80 | D        | Found a basalt altar of Yredelemnul.
    81 | D        | Found a viscous altar of Jiyva.
    81 | D        | Found a bloodstained altar of Trog.
    81 | D        | Found an ornate altar of the Wu Jian Council.
    82 | D        | Found an iron altar of Okawaru.
    82 | D        | Found a shadowy altar of Dithmenos.
    82 | D        | Found a glowing silver altar of Zin.
   121 | D        | Noticed a queen bee
   130 | D        | HP: 2/50 [killer bee (2)]
   130 | D        | Slain by a killer bee

Illustrated notes

Levels and vault maps discovered:
D:        dungeon_sprint_fedhas [sprint_temple]

Skill      XL: |  1  2  3  4 |
---------------+-------------+-----
Fighting       | 3 4 5 |  5.1
Dodging        | 3 4 5 |  5.1
Unarmed Combat | 4 5 6 |  6.1

Action                     |  1- 3 |  4- 6 || total
---------------------------+-------+-------++-------
  Melee: Unarmed           |    11 |     4 ||    15
         Punch             |       |     1 ||     1
 Armour: Animal skin       |     1 |     4 ||     5
  Dodge: Dodged            |     9 |    12 ||    21

Table legend: (Time is in decaauts)
 A = Elapsed time spent in this place.
 B = Non-inter-level travel time spent in this place.
 C = Inter-level travel time spent in this place.
 D = Time resting spent in this place.
 E = Time spent auto-exploring this place.
 F = Levels seen in this place.
 G = Mean time per level.
                   A        B        C        D        E       F      G
               +--------+--------+--------+--------+--------+-----+--------+
         Total |    128 |    123 |      5 |     28 |     37 |   1 |  128.0 |
       Dungeon |    128 |    123 |      5 |     28 |     37 |   1 |  128.0 |
               +--------+--------+--------+--------+--------+-----+--------+

Top non-repeatable levels by time:
       D: 128 daAuts
